 Dungeon Crawl Stone Soup version 0.30-a0-576-g89cddaab80 (webtiles) character file.

Game seed: 9982133367693169166

147 bande the Covered (level 5, -1/33 HPs)
             Began as a Gargoyle Fighter on Dec 31, 2022.
             Slain by Pargi (5 damage)
             ... in a sewer.
             The game lasted 00:03:52 (2241 turns).

bande the Covered (Gargoyle Fighter)                Turns: 2241, Time: 00:03:52

Health: -1/33      AC: 16    Str: 20    XL:     5   Next: 29%
Magic:  5/5        EV:  9    Int:  8    God:
Gold:   137        SH:  5    Dex: 17    Spells: 4/4 levels left

rFire   . . .      SeeInvis .    a - +0 war axe
rCold   . . .      Faith    .    c - +0 buckler
rNeg    + . .      Spirit   .    b - +0 scale mail
rPois   ∞          Reflect  .    (no helmet)
rElec   +          Harm     .    n - +0 cloak
rCorr   .          Rampage  .    (no gloves)
Will    .....                    (no boots) Stlth
                                 (no amulet)
HPRegen 0.25/turn                g - +6 ring of dexterity
MPRegen 0.09/turn                m - +4 ring of protection

@: mighty, very slow
A: sickness immunity, AC +4, negative energy resistance 1, electricity
resistance, torment resistance 1, petrification resistance
a: no special abilities


You were in a sewer.
You visited 1 branch of the dungeon, and saw 3 of its levels.
You also visited: Sewer.

You collected 137 gold pieces.

Inventory:

Hand Weapons
 a - a +0 war axe (weapon)
Armour
 b - a +0 scale mail (worn)
 c - a +0 buckler (worn)
 n - a +0 cloak (worn)
Jewellery
 g - a +6 ring of dexterity (left hand)
 m - a +4 ring of protection (right hand)
Scrolls
 i - a scroll of teleportation
Potions
 e - a potion of brilliance {unknown}
 h - a potion of invisibility
 k - a potion of curing {unknown}


   Skills:
 + Level 4.1 Fighting
 + Level 3.3 Axes
 + Level 4.1 Armour
 + Level 4.0 Shields


You had 4 spell levels left.
You didn't know any spells.
Your spell library was empty.

Dungeon Overview and Level Annotations

Branches:
Dungeon (3/15)              Sewer (1/1)

Altars:
Xom

Shops:
D:1 ?

Annotations:
Sewer Pargi


Innate Abilities, Weirdness & Mutations

You are immune to sickness and miasma.
Your stone body is resilient. (AC +4)
You are immune to poison.
You resist negative energy. (rN+)
You are resistant to electric shocks. (rElec)
You are resistant to unholy torment.
You are immune to petrification.


Message History

You slash Pargi!
Pargi is heavily wounded.
Pargi closely misses you. x2; Pargi barely misses you.
You closely miss Pargi.
Pargi is moderately wounded.
Pargi barely misses you. Pargi claws you but does no damage. x2
You slash Pargi!
Pargi is heavily wounded.
Pargi bites you but does no damage. Pargi claws you.
* * * LOW HITPOINT WARNING * * *
You block Pargi's attack.
Pargi looks around nervously.
Pargi barely misses you. Pargi claws you but does no damage. x2
You slash Pargi!
Pargi is severely wounded.
Pargi closely misses you. Pargi claws you.
* * * LOW HITPOINT WARNING * * *
Pargi claws you.
* * * LOW HITPOINT WARNING * * *
Your unstable footing causes you to fumble your attack.
Pargi bites you.
* * * LOW HITPOINT WARNING * * *
Pargi barely misses you. Pargi claws you but does no damage.
Your unstable footing causes you to fumble your attack.
Pargi bites you but does no damage. Pargi claws you but does no damage. x2
You block Pargi's attack. Pargi claws you but does no damage. x2
You feel very mighty all of a sudden.
You block Pargi's attack. x2; Pargi claws you.
* * * LOW HITPOINT WARNING * * *
Your unstable footing causes you to fumble your attack.
Pargi bites you but does no damage. Pargi claws you but does no damage.
Pargi closely misses you.
Your unstable footing causes you to fumble your attack.
Pargi bites you but does no damage. Pargi barely misses you.
Pargi closely misses you. Pargi bites you but does no damage.
Pargi claws you but does no damage. x2
Your unstable footing causes you to fumble your attack.
Pargi snarls, "Go!
Away!"
Pargi bites you.
You die...

#~≈≈≈≈≈≈# ##~≈≈≈≈##
###†≈≈≈≈≈≈ ####.~≈≈≈≈≈≈≈
# ##.##.≈≈≈≈≈≈≈# ~.##
#.~~.≈≈≈≈≈≈≈≈#
≈≈~..#######.≈≈≈≈≈≈≈≈≈##
≈≈≈≈.~.#..~~≈≈≈≈≈≈≈≈≈≈#
≈≈≈≈≈≈T@..≈≈≈≈≈≈≈≈≈≈≈##
≈≈≈≈≈≈≈≈≈≈≈≈≈≈≈≈≈≈≈≈≈#
≈≈≈≈≈≈≈≈≈≈≈≈≈≈≈≈≈≈≈≈##
≈≈≈≈≈≈≈≈≈≈≈≈≈≈≈≈≈≈≈##
≈≈≈≈≈≈≈≈≈≈≈≈≈≈≈≈≈###
≈≈≈≈≈≈≈≈≈≈≈≈≈≈≈≈≈#
≈≈≈#≈≈≈≈≈≈≈≈≈#####
#####≈#####≈##


You could see Pargi.

Vanquished Creatures
  7 gnolls
  2 adders
  An ufetubus (D:3)
  7 bats
  An endoplasm (D:2)
  3 giant cockroaches
  7 goblins (D:1)
  2 hobgoblins (D:1)
  7 jackals (D:1)
  A quokka (D:1)
  4 ball pythons
  7 frilled lizards
  2 kobolds
  7 rats
58 creatures vanquished.

Notes
Turn   | Place    | Note
-------+----------+-------------------------------------------
     0 | D:1      | bande the Gargoyle Fighter began the quest for the Orb.
     0 | D:1      | Reached XP level 1. HP: 14/14 MP: 1/1
   139 | D:1      | Reached XP level 2. HP: 17/19 MP: 2/2
   641 | D:1      | Reached XP level 3. HP: 23/23 MP: 3/3
   900 | D:1      | Found Ogeof's Magic Scroll Emporium.
   968 | D:1      | Found a faded altar of an unknown god.
  1112 | D:2      | Found a shimmering altar of Xom.
  1968 | D:3      | Reached XP level 4. HP: 29/29 MP: 4/4
  2065 | D:3      | Reached XP level 5. HP: 23/33 MP: 5/5
  2171 | D:3      | Found a glowing drain.
  2189 | Sewer    | Entered a sewer
  2211 | Sewer    | Noticed Pargi
  2241 | Sewer    | Slain by Pargi

Illustrated notes

Levels and vault maps discovered:
D:1:      dpeg_arrival_rhombi, layout_basic,
          hellmonk_ecumenical_altar_inner_sanctum, serial_shops,
          nicolae_shop_crystal
D:2:      layout_loops_ring, basic_altar, item_on_display_b
D:3:      minmay_bubble_buster, layout_loops_ring, cheibrodos_sewer_entry_drain
Sewer:    sewer_co_pargi_island

Skill      XL: |  1  2  3  4  5 |
---------------+----------------+-----
Axes           | 2 3 |  3.3
Fighting       | 4 |  4.1
Armour         | 4 |  4.1
Shields        | 4 |  4.0

Action                   |  1- 3 |  4- 6 || total
-------------------------+-------+-------++-------
Melee: War axe           |   123 |    62 ||   185
  Use: Scroll            |     5 |       ||     5
       Potion            |       |     1 ||     1
Armor: Scale mail        |    64 |    77 ||   141
Dodge: Dodged            |    67 |    47 ||   114
Block: Buckler           |    25 |    34 ||    59

Table legend: (Time is in decaauts)
 A = Elapsed time spent in this place.
 B = Non-inter-level travel time spent in this place.
 C = Inter-level travel time spent in this place.
 D = Time resting spent in this place.
 E = Time spent auto-exploring this place.
 F = Levels seen in this place.
 G = Mean time per level.
                   A        B        C        D        E       F      G
               +--------+--------+--------+--------+--------+-----+--------+
         Total |   2327 |   2282 |     45 |    211 |   1444 |   4 |  581.8 |
       Dungeon |   2258 |   2213 |     45 |    211 |   1432 |   3 |  752.7 |
         Sewer |     68 |     68 |      0 |      0 |     12 |   1 |   68.0 |
               +--------+--------+--------+--------+--------+-----+--------+

Top non-repeatable levels by time:
     D:1: 1148 daAuts
     D:2: 961 daAuts
     D:3: 148 daAuts
   Sewer: 68 daAuts
